 Dungeon Crawl Stone Soup version 0.27.0-1-g7a089689b8 (webtiles) character file.

Game seed: 13717000661723646642

300 gimp the Grave Robber (level 6, -1/24 HPs)
             Began as a Felid Necromancer on Aug 7, 2021.
             Was a Follower of Ru.
             Succumbed to Eustachio's poison
             ... on level 5 of the Dungeon.
             The game lasted 00:14:18 (8445 turns).

gimp the Grave Robber (Felid Necromancer)           Turns: 8445, Time: 00:14:19

Health: -1/24      AC:  2    Str:  4    XL:     6   Next: 13%
Magic:  1/13       EV: 17    Int: 18    God:    Ru [*.....]
Gold:   161        SH:  0    Dex: 17    Spells: 4/13 levels left
                                        Lives:  0   Deaths: 2

rFire    . . .     SeeInvis +   (weapon unavailable)
rCold    . . .     Faith    .   (shield unavailable)
rNeg     . . .     Spirit   .   (armour unavailable)
rPois    .         Reflect  .   (helmet unavailable)
rElec    .         Harm     .   (cloak unavailable)
rCorr    .         Rampage  .   (gloves unavailable)
Will     .....                  (boots unavailable)
Stlth    +++.......             (no amulet)
HPRegen  0.08/turn              (no ring)
MPRegen  0.13/turn              (no ring)

@: lethally poisoned (-1 -> -26), horrified, quick
A: very small, claws 1, fangs 3, see invisible, speed 1, shaggy fur 2, cowardly,
stealthy paws, no weapons or thrown items, no armour, multi-lived
a: Renounce Religion


You were on level 5 of the Dungeon.
You worshipped Ru.
Ru was aware of your devotion.
You visited 1 branch of the dungeon, and saw 5 of its levels.

You collected 161 gold pieces.

Inventory:

Wands
 b - a wand of acid (4)
 f - a wand of iceblast (4)
Scrolls
 e - 2 scrolls of immolation
 g - a scroll of amnesia
Potions
 a - a potion of ambrosia {unknown}
 c - 2 potions of lignification {unknown}
 d - a potion of attraction


   Skills:
 + Level 2.8 Dodging
 - Level 6.0 Stealth
 + Level 4.1 Spellcasting
 * Level 7.0 Necromancy


You had 4 spell levels left.
You knew the following spells:

 Your Spells              Type           Power      Damage    Failure   Level
a - Pain                  Necr           88%        1d8       1%          1
b - Magic Dart            Conj           8%         1d3       14%         1
c - Vampiric Draining     Necr           11%        2d7       2%          3
d - Animate Dead          Necr           11%        N/A       8%          4

Your spell library contained the following spells:

 Spells                   Type           Power      Damage    Failure   Level
 Animate Skeleton         Necr           44%        N/A       1%          1
 Call Imp                 Summ           2%         N/A       22%         2
 Mephitic Cloud           Conj/Pois/Air  2%         N/A       41%         3
 Agony                    Necr           22%        N/A       22%         5


Dungeon Overview and Level Annotations

Branches:
Dungeon (5/15)
 Temple: D:4-7

Altars:
Nemelex Xobeh
Ru
Trog
Uskayaw
Yredelemnul
The Shining One

Annotations:
D:3 Grinder
D:4 1 runed translucent door, Crazy Yiuf, Dowan, Duvessa, Natasha
D:5 Eustachio


Innate Abilities, Weirdness & Mutations

You have sharp claws.
You have razor-sharp teeth.
You have supernaturally acute eyesight. (SInv)
You cover ground quickly. (Speed+)
You are covered in thick fur. (AC +2)
Your cowardice makes you less effective in combat with threatening monsters.
Your paws help you pounce on unaware monsters.
You are incapable of wielding weapons or throwing items.
You cannot wear armour.
You gain extra lives every three experience levels.


Message History

Confirm with . or Enter, or press ? or * to list all spells.
Aiming: Pain (safe; 1% risk of failure)
Press: ? - help, Shift-Dir - straight line, f/p - Eustachio
Aim: Eustachio, wielding a +2 rapier of venom and wearing a +0 leather armour (heavily wounded, chance to affect: 81%) Eustachio writhes in agony.
The bat misses you.
Eustachio mumbles some strange words.
You take 1 damage, and have 15/24 hp.
You now have 6/13 mp.
The bat disappears in a puff of smoke!
The river rat bites you.
You take 2 damage, and have 13/24 hp.
Casting: Pain (safe; 1% risk of failure)
Confirm with . or Enter, or press ? or * to list all spells.
Aiming: Vampiric Draining (dangerous; 2% risk of failure)
Press: ? - help, Shift-Dir - straight line, f/p - Eustachio
Aim: Eustachio, wielding a +2 rapier of venom and wearing a +0 leather armour (heavily wounded)
You draw life force from Eustachio!
You feel life coursing into your body. The river rat barely misses you.
The bat barely misses you.
Eustachio hits you with a +2 rapier of venom!
You are lethally poisoned!
You take 2 damage, and have 11/24 hp.
You now have 3/13 mp.
Casting: Vampiric Draining (dangerous; 2% risk of failure)
Confirm with . or Enter, or press ? or * to list all spells.
Aiming: Vampiric Draining (dangerous; 2% risk of failure)
Press: ? - help, Shift-Dir - straight line, f/p - Eustachio
Aim: Eustachio, wielding a +2 rapier of venom and wearing a +0 leather armour (severely wounded)
You draw life force from Eustachio!
You feel life coursing into your body.
You feel very sick. The bat closely misses you.
The river rat closely misses you.
Eustachio hits you with a +2 rapier of venom!
* * * LOW HITPOINT WARNING * * *
You are more poisoned.
You take 7 damage, and have 4/24 hp.
MASSIVE DAMAGE!!
You now have 0/13 mp.
Casting: Vampiric Draining (dangerous; 2% risk of failure)
Confirm with . or Enter, or press ? or * to list all spells.
Okay, then.
Aiming: Corrosive Bolt
Press: ? - help, Shift-Dir - straight line, f/p - Eustachio
Aim: Eustachio, wielding a +2 rapier of venom and wearing a +0 leather armour (almost dead, 60% to hit)
The bolt of acid misses Eustachio.
You die...

..........#
..........##
........... .
#...........# ##.
.......)...# #.. #
.......b)..# #.# . #
...r..rr..# #.# #
##.##.. #@@..## #.# #
#....#.#####..####.#
# ...[...)##
##......# #..†##
#####..# ###.. ###..#
#..## .....
#..#######...# .#
####
#####..[#......#.###.
#
#.........######....
# ##.###.#.###
....#####


You could see Eustachio, a river rat (summoned), a quokka (summoned), a bat
(summoned) and a rat (summoned).

Vanquished Creatures
  A kobold brigand (D:5)
  A bullfrog (D:4)
  A scorpion (D:5)
  3 hounds
  A jelly (D:4)
  An orc priest (D:3)
  3 iguanas
  Natasha (D:4)
  An orc wizard (D:4)
  A hound skeleton (D:4)
  3 adders
  4 gnolls
  An ufetubus (D:4)
  2 adder skeletons (D:4)
  A worm (D:2)
  2 dart slugs
  8 orcs
  10 ball pythons
  7 bats
  7 endoplasms
  A giant cockroach (D:1)
  8 goblins
  8 hobgoblins
  6 jackals
  14 kobolds
  4 quokkas
  4 frilled lizards
  5 rats
109 creatures vanquished.

Vanquished Creatures (others)
  2 withered plants (D:3)
2 creatures vanquished.

Grand Total: 111 creatures vanquished

Notes
Turn   | Place    | Note
-------+----------+-------------------------------------------
     0 | D:1      | gimp the Felid Necromancer began the quest for the Orb.
     0 | D:1      | Reached XP level 1. HP: 7/7 MP: 4/4
   571 | D:1      | Reached XP level 2. HP: 2/11 MP: 1/6
  1580 | D:1      | Reached XP level 3. HP: 13/14 MP: 5/7
  1762 | D:1      | Learned a level 1 spell: Magic Dart
  3147 | D:2      | Reached XP level 4. HP: 10/18 MP: 1/8
  3590 | D:2      | Reached skill level 5 in Necromancy
  3879 | D:3      | Found a basalt altar of Yredelemnul.
  4503 | D:3      | Found a bloodstained altar of Trog.
  4506 | D:3      | Found a sparkling altar of Nemelex Xobeh.
  4506 | D:3      | Found a glowing golden altar of the Shining One.
  4507 | D:3      | Found a hide-covered altar of Uskayaw.
  4588 | D:3      | Reached XP level 5. HP: 20/21 MP: 8/10
  4784 | D:3      | Found a faded altar of an unknown god.
  4791 | D:3      | Became a worshipper of Ru the Awakened
  4792 | D:3      | Gained mutation: Your cowardice makes you less effective in
                  | combat with threatening monsters. [Ru sacrifice]
  4792 | D:3      | Reached * piety under Ru
  4899 | D:4      | Noticed Grinder
  4909 | D:5      | Entered Level 5 of the Dungeon
  5750 | D:4      | Slain by a gnoll
  5751 | D:4      | Reached XP level 4. HP: 0/18 MP: 1/9
  6081 | D:4      | Reached XP level 5. HP: 11/21 MP: 1/10
  6270 | D:4      | Reached skill level 5 in Stealth
  6484 | D:4      | Reached skill level 6 in Necromancy
  6864 | D:4      | Gained mutation: You are covered in thick fur. (AC +2)
                  | [Felid growth]
  6864 | D:4      | Reached XP level 6. HP: 13/24 MP: 2/12
  6869 | D:4      | Learned a level 3 spell: Vampiric Draining
  6874 | D:4      | Learned a level 4 spell: Animate Dead
  7065 | D:4      | Noticed Dowan
  7117 | D:4      | Noticed Duvessa
  7170 | D:4      | Noticed Natasha
  7397 | D:4      | Killed Natasha
  7585 | D:4      | Found a runed translucent door.
  7586 | D:4      | Noticed Crazy Yiuf
  7789 | D:4      | Noticed Natasha
  7816 | D:5      | HP: 1/24 [iguana (13)]
  8238 | D:5      | Reached skill level 7 in Necromancy
  8238 | D:5      | Reached XP level 7. HP: 19/27 MP: 6/14
  8370 | D:5      | Noticed Eustachio
  8391 | D:5      | Slain by Eustachio
  8392 | D:5      | Reached XP level 6. HP: 0/24 MP: 11/13
  8445 | D:5      | Succumbed to Eustachio's poison

Illustrated notes

Levels and vault maps discovered:
D:1:      onia_arrival_mini_spirals, layout_loops_cross
D:2:      layout_rooms
D:3:      layout_loops_ring, grunt_temple_overflow_open,
          yredelemnul_altar_generic, dilly_ecumenical_altar_fadedgnrine
D:4:      layout_loops_ring, minmay_quantized, uniq_crazy_yiuf_cottage,
          uniq_natasha, uniq_grinder, uniq_duvessa
D:5:      layout_rooms, mainiacjoe_overflow_large_starburst, uniq_sigmund,
          uniq_eustachio

Skill      XL: |  1  2  3  4  5  6 |
---------------+-------------------+-----
Stealth        | 3 4 5 6 |  6.0
Necromancy     | 5 6 7 |  7.0
Spellcasting   | 3 4 |  4.1
Dodging        | |  2.8

Action                   |  1- 3 |  4- 6 |  7- 9 || total
-------------------------+-------+-------+-------++-------
Melee: Unarmed           |       |    25 |     8 ||    33
       Bite              |       |       |     1 ||     1
 Cast: Pain              |    86 |   163 |     3 ||   252
       Magic Dart        |       |    37 |       ||    37
       Vampiric Draining |       |     2 |       ||     2
       Animate Dead      |       |       |     1 ||     1
Invok: Sacrifice Courage |       |     1 |       ||     1
Evoke: Wand              |       |     5 |       ||     5
  Use: Scroll            |       |     8 |       ||     8
       Potion            |       |     1 |       ||     1
 Stab: Sleeping          |       |     1 |       ||     1
Armor: Skin              |     2 |     2 |     1 ||     5
Dodge: Dodged            |     9 |    58 |     5 ||    72
